 Dungeon Crawl Stone Soup version 0.26-a0-812-g31a745ddcd (webtiles) character file.

Game seed: 14772856878642108841

428 kae the Chopper (level 6, -4/56 HPs)
             Began as a Hill Orc Fighter on Dec 3, 2020.
             Slain by Sigmund
             ... wielding a +3 scythe of protection
              (10 damage)
             ... on level 4 of the Dungeon.
             The game lasted 00:02:54 (3776 turns).

kae the Chopper (Hill Orc Fighter)                  Turns: 3776, Time: 00:02:54

Health: -4/56      AC:  8    Str: 21    XL:     6   Next: 98%
Magic:  6/6        EV:  7    Int:  8    God:
Gold:   338        SH:  9    Dex: 10    Spells: 5/5 levels left

rFire    . . .     SeeInvis .   a - +1 war axe
rCold    . . .     Faith    .   c - +0 kite shield
rNeg     . . .     Spirit   .   b - +1 scale mail
rPois    +         Reflect  .   (no helmet)
rElec    .         Harm     .   (no cloak)
rCorr    .         Rampage  .   (no gloves)
MR       .....                  (no boots)
Stlth    ..........             (no amulet)
HPRegen  0.18/turn              g - ring of poison resistance
MPRegen  0.10/turn              (no ring)

@: no status effects
A: no striking features
a: no special abilities


You were on level 4 of the Dungeon.
You visited 1 branch of the dungeon, and saw 4 of its levels.
You also visited: Ossuary.

You collected 338 gold pieces.

Inventory:

Hand Weapons
 a - a +1 war axe (weapon)
Armour
 b - a +1 scale mail (worn)
 c - a +0 kite shield (worn)
Jewellery
 g - a ring of poison resistance (left hand)
Scrolls
 e - 2 scrolls of identify
 h - 3 scrolls of teleportation
 o - a scroll of remove curse
Potions
 d - 3 potions of might
 f - a potion of cancellation {unknown}
 i - a potion of resistance
 k - a potion of haste
 l - a potion of heal wounds
 m - 2 potions of curing
 n - 5 potions of brilliance


   Skills:
 + Level 5.2 Fighting
 * Level 6.3 Axes
 + Level 4.6 Armour
 + Level 4.7 Shields


You had 5 spell levels left.
You didn't know any spells.
Your spell library was empty.

Dungeon Overview and Level Annotations

Branches:
Dungeon (4/15)            Ossuary (visited)
 Temple: D:4-7

Altars:
Ashenzari

Annotations:
D:4 Sigmund


Message History

* * * LOW HITPOINT WARNING * * *
Something hits you.
* * * LOW HITPOINT WARNING * * *
You hit something. Something hits you.
* * * LOW HITPOINT WARNING * * *
You closely miss something.
You feel much better. Something hits you.
You barely miss something. Something hits you!
You miss something. Something hits you.
* * * LOW HITPOINT WARNING * * *
You completely miss something.
You hear some strange, mumbled words.
A magic dart appears from out of thin air!
The magic dart hits you.
* * * LOW HITPOINT WARNING * * *
Your shield and scale mail prevent you from hitting something.
Something hits you.
* * * LOW HITPOINT WARNING * * *
You closely miss something. Something hits you!
You die...

#....#####.........***,***,****,,
...................,,,,,,,,,,,,,,
##########.........***,,,,,,,,,,,
#.........* *,***,****,, *****
#.........***+***,**,,,, ,,,,*
##........,,,,.,,,,,,,,,
,,,,******#.#########...,*,**,*,*
,,,,*,,,,,#......{......,,,,,,,,,
,,,**,,,,,#.....@.##*,,,,*,,,,*,*
,,,**,,,,,#....)..# *,,,,*,,,,*,*
*****,,,,,#.......# *,,,,*,,,,*,*
*,,,,,#.......# *,,,,*,,,,*,*
*****,,,,,#.......#**,,,,*,,,,,,,
,,,,,,,,,.........'.,,,,,*,,,,,,,
********###.......###,,,,*,,,,*,*
#.......# ******,,,,*,, #.#######
*,,,,***


There were no monsters in sight!

Vanquished Creatures
  A centaur (D:2)
  A howler monkey (D:4)
  3 worker ants (D:4)
  8 mummies (Ossuary)
  Robin (D:4)
  2 adders (D:3)
  3 worms
  4 dart slugs
  4 leopard geckos
  4 orcs (D:4)
  4 ball pythons
  4 bats
  A giant cockroach (D:3)
  3 gnoll zombies (Ossuary)
  12 goblins
  7 hobgoblins
  4 jackals (D:4)
  11 kobolds
  2 quokkas (D:4)
  3 frilled lizards
  4 hobgoblin zombies (Ossuary)
  A kobold zombie (Ossuary)
  7 rats
94 creatures vanquished.

Notes
Turn   | Place    | Note
-------+----------+-------------------------------------------
     0 | D:1      | kae the Hill Orc Fighter began the quest for the Orb.
     0 | D:1      | Reached XP level 1. HP: 19/19 MP: 1/1
    95 | D:1      | Reached skill level 3 in Axes
   193 | D:1      | Reached XP level 2. HP: 27/27 MP: 2/2
   580 | D:1      | Reached XP level 3. HP: 32/33 MP: 3/3
  1073 | D:2      | Found a broken altar of Ashenzari.
  1077 | D:2      | You fall into a shaft and drop 1 floor!
  1227 | D:2      | Noticed a centaur
  1238 | D:2      | Killed a centaur
  1238 | D:2      | Reached skill level 4 in Axes
  1238 | D:2      | Reached XP level 4. HP: 4/41 MP: 4/4
  1238 | D:2      | Reached XP level 5. HP: 5/47 MP: 5/5
  2103 | D:3      | Reached skill level 5 in Axes
  2538 | D:4      | Noticed Robin
  2549 | D:4      | Reached XP level 6. HP: 13/55 MP: 6/6
  2553 | D:4      | Killed Robin
  2567 | D:4      | Found a sand-covered staircase.
  2572 | Ossuary  | Entered an ossuary
  2909 | Ossuary  | Reached skill level 5 in Fighting
  2942 | Ossuary  | Reached skill level 6 in Axes
  3742 | D:4      | Noticed Sigmund
  3769 | D:4      | HP: 1/56 [something (6)]
  3776 | D:4      | Slain by Sigmund

Illustrated notes

Levels and vault maps discovered:
D:1:      mainiacjoe_arrival_reflecting_pool, layout_loops_ring,
          minmay_misc_feat_columns, solitary_fountain, minmay_3d_cube
D:2:      layout_basic, nicolae_ashenzari_panopticon
D:3:      layout_loops_ring
D:4:      layout_basic, old_standard_altar, enter_ossuary_5, serial_shops,
          kennysheep_mini, uniq_robin, uniq_sigmund

Skill      XL: |  1  2  3  4  5  6 |
---------------+-------------------+-----
Axes           | 3 4 5 6 |  6.3
Fighting       | 4 5 |  5.2
Armour         | 4 |  4.6
Shields        | 4 |  4.7

Action                   |  1- 3 |  4- 6 || total
-------------------------+-------+-------++-------
Melee: War axe           |    77 |   157 ||   234
  Use: Scroll            |     3 |    10 ||    13
       Potion            |     1 |     2 ||     3
Armor: Scale mail        |    36 |    66 ||   102
Dodge: Dodged            |    29 |    46 ||    75
Block: Kite shield       |    37 |    74 ||   111

Table legend: (Time is in decaauts)
 A = Elapsed time spent in this place.
 B = Non-inter-level travel time spent in this place.
 C = Inter-level travel time spent in this place.
 D = Time resting spent in this place.
 E = Time spent auto-exploring this place.
 F = Levels seen in this place.
 G = Mean time per level.
                   A        B        C        D        E       F      G
               +--------+--------+--------+--------+--------+-----+--------+
         Total |   3854 |   3758 |     96 |    745 |   2346 |   5 |  770.8 |
       Dungeon |   2802 |   2706 |     96 |     36 |   2190 |   4 |  700.5 |
       Ossuary |   1052 |   1052 |      0 |    709 |    156 |   1 | 1052.0 |
               +--------+--------+--------+--------+--------+-----+--------+

Top non-repeatable levels by time:
     D:2: 1089 daAuts
 Ossuary: 1052 daAuts
     D:1: 867 daAuts
     D:3: 582 daAuts
     D:4: 263 daAuts
